 Dungeon Crawl Stone Soup version 0.32-a0-818-gb728d0252e (webtiles) character file.

Game seed: 15657321198776918258

2380476 Armakuni the Iron Dragon (level 27, 246/246 HPs)
             Began as a Grey Draconian Artificer on Mar 23, 2024.
             Was an Initiate of Gozag.
             Escaped with the Orb
             ... and 4 runes on Mar 24, 2024!
             The game lasted 04:04:24 (71066 turns).

Armakuni the Iron Dragon (DrAr)                    Turns: 71066, Time: 04:04:24

Health: 246/246    AC: 26    Str: 16    XL:     27
Magic:  36/46      EV: 11    Int: 30    God:    Gozag
Gold:   1787       SH:  4    Dex:  7    Spells: 18/64 levels left

rFire   + + +        a - staff of earth
rCold   + . .        y - +0 buckler "Tuhoabur" {rC++ Int+4 Dex-3 SInv}
rNeg    + . .        (body armour unavailable)
rPois   +            N - +0 mask of the Dragon {Will+ Slay+3 SInv}
rElec   +            g - +2 cloak {rPois}
rCorr   +            (no gloves)
SInv    +            H - +0 pair of boots of Urefraralo {Will++ rCorr}
Will    +++++        R - amulet of Light {rN+ Will+ RegenMP+}
Stlth   +            E - ring of Ompos {^Contam rElec AC+4 Int+3 Dex+3}
HPRegen 0.61/turn    W - ring "Teerphij" {Wiz rF+++ Dex-4}
MPRegen 0.70/turn

%: wizardry (x1)
@: maw-form, gold aura, studying 2 skills
A: devouring maw, mud breath, mud-swimmer, AC +18, amphibious, unfitting armour,
cold-blooded, clumsy 1, strong-willed 1, cold vulnerability 1, MP-powered wands
0: Orb of Zot
}: 4/15 runes: barnacled, slimy, silver, gossamer
a: Mud Breath, Begin Untransformation, Renounce Religion, Potion Petition, Call
Merchant, Bribe Branch


You escaped.
You worshipped Gozag.
Gozag was most pleased with you.
You were a creature with a mouth for a stomach.
You visited 11 branches of the dungeon, and saw 53 of its levels.
You also visited: Trove and Sewer.

You collected 33786 gold pieces.
You spent 8802 gold pieces at shops.
You paid 23197 gold pieces to Gozag.

Inventory:

Armour
 g - a +2 cloak of poison resistance (worn)
 j - a scarf of repulsion
 y - the +0 buckler "Tuhoabur" (worn) {rC++ Int+4 Dex-3 SInv}
   (You bought it in a shop on level 2 of the Orcish Mines)

   Int+4:     It affects your intelligence (+4).
   Dex-3:     It affects your dexterity (-3).
   rC++:      It greatly protects you from cold.
   SInv:      It lets you see invisible.
 H - the +0 pair of boots of Urefraralo (worn) {Will++ rCorr}
   (You found it on level 5 of the Vaults)

   Will++:    It greatly increases your willpower.
   rCorr:     It protects you from acid and corrosion.
 N - the +0 mask of the Dragon (worn) {Will+ Slay+3 SInv}
   (You found it on level 3 of the Elven Halls)

   Slay+3:    It affects your accuracy & damage with ranged weapons and melee
   (+3).
   Will+:     It increases your willpower.
   SInv:      It lets you see invisible.
Magical Staves
 a - a staff of earth (weapon)
Jewellery
 E - the ring of Ompos (left hand) {^Contam rElec AC+4 Int+3 Dex+3}
   (You acquired it on level 1 of the Dungeon)

   [ring of protection]

   AC+4:      It affects your AC (+4).
   Int+3:     It affects your intelligence (+3).
   Dex+3:     It affects your dexterity (+3).
   rElec:     It insulates you from electricity.
   ^Contam:   It causes magical contamination when unequipped.
 R - the amulet of Light (around neck) {rN+ Will+ RegenMP+}
   (You found it in a treasure trove)

   [amulet of magic regeneration]

   It increases your rate of magic regeneration.
   rN+:       It protects you from negative energy.
   Will+:     It increases your willpower.
   RegenMP+:  It increases your rate of magic regeneration.
 W - the ring "Teerphij" (right hand) {Wiz rF+++ Dex-4}
   (You took it off a deep elf demonologist on level 3 of the Elven Halls)

   [ring of wizardry]

   Wiz:       It improves your spell success rate.
   Dex-4:     It affects your dexterity (-4).
   rF+++:     It renders you almost immune to fire.
Talismans
 K - a maw talisman (active)
 S - a talisman of death
Wands
 c - a wand of charming (75)
 k - a wand of digging (25)
 r - a wand of roots (80)
 v - a wand of flame (70) (quivered)
 F - a wand of mindburst (5)
 U - a wand of light (29)
Scrolls
 d - 8 scrolls of blinking
 i - 6 scrolls of silence
 l - 4 scrolls of amnesia
 n - 16 scrolls of fear
 u - 7 scrolls of noise
 w - 7 scrolls of vulnerability
 A - 3 scrolls of enchant armour
 C - 47 scrolls of identify
 J - 28 scrolls of teleportation
 P - 8 scrolls of fog
 Q - 2 scrolls of poison
 T - 11 scrolls of immolation
 V - 5 scrolls of torment
 X - 14 scrolls of revelation
 Y - 5 scrolls of summoning
Potions
 h - 7 potions of mutation
 o - 5 potions of brilliance
 q - 3 potions of invisibility
 x - 8 potions of enlightenment
 B - 6 potions of might
 D - 5 potions of cancellation
 G - 7 potions of heal wounds
 I - 5 potions of haste
 L - 2 potions of berserk rage
 M - 10 potions of lignification
 O - 3 potions of magic
 Z - 8 potions of resistance
Miscellaneous
 f - a phial of floods
 m - a phantom mirror
 s - a sack of spiders
 t - a tin of tremorstones (inert)
 z - a lightning rod (4/4)


   Skills:
 - Level 20.2 Fighting
 - Level 3.0(9.4) Maces & Flails
 - Level 13.8(14.0) Staves
 - Level 5.0 Dodging
 - Level 0.8 Stealth
 - Level 7.0 Shields
 - Level 19.2 Spellcasting
 - Level 9.3 Conjurations
 - Level 15.0 Ice Magic
 O Level 27 Earth Magic
 - Level 20.0 Evocations
 + Level 20.9 Shapeshifting


You had 18 spell levels left.
You knew the following spells:

 Your Spells              Type           Power      Damage    Failure   Level
b - Blink                 Tloc           56%        N/A       1%          2
c - Lehudib's Crystal Sp  Conj/Erth      59%        10d14     2%          8
l - Lee's Rapid Deconstr  Erth           68%        3d31*     0%          5
o - Ozocubu's Armour      Ice            87%        N/A       0%          3
p - Petrify               Alch/Erth      100%       N/A       1%          4
s - Permafrost Eruption   Ice/Erth       62%        2x4d17    1%          6
w - Passwall              Erth           100%       N/A       0%          3
z - Bombard               Conj/Erth      59%        9d10      1%          6
S - Shatter               Erth           68%        3d50*     1%          9

Your spell library contained the following spells:

 Spells                   Type           Power      Damage    Failure   Level
 Sandblast                Erth           100%       2d20      0%          1
 Frozen Ramparts          Ice            100%       1d16      0%          3
 Stone Arrow              Conj/Erth      100%       3d13      0%          3
 Brom's Barrelling Bould  Conj/Erth      100%       2d11      0%          4
 Kiss of Death            Conj/Necr      100%       2d13      1%          1
 Magic Dart               Conj           100%       1d8       1%          1
 Shock                    Conj/Air       100%       1d9       1%          1
 Slow                     Hex            100%       N/A       1%          1
 Summon Small Mammal      Summ           100%       N/A       1%          1
 Call Imp                 Summ           56%        N/A       1%          2
 Cigotuvi's Dreadful Rot  Necr/Alch/Air  56%        N/A       1%          2
 Ensorcelled Hibernation  Hex/Ice        100%       N/A       1%          2
 Jinxbite                 Hex            56%        N/A       1%          2
 Mercury Vapours          Alch/Air       56%        N/A       1%          2
 Static Discharge         Conj/Air       100%       3-8/arc   1%          2
 Sublimation of Blood     Necr           28%        N/A       1%          2
 Confusing Touch          Hex            28%        N/A       1%          3
 Dazzling Flash           Conj/Hex       100%       N/A       1%          3
 Fugue of the Fallen      Necr           28%        N/A       1%          3
 Inner Flame              Hex/Fire       28%        N/A       1%          3
 Mephitic Cloud           Conj/Alch/Air  47%        N/A       1%          3
 Summon Ice Beast         Ice/Summ       65%        N/A       1%          3
 Swiftness                Air            28%        N/A       1%          3
 Vampiric Draining        Necr           28%        2d8       1%          3
 Volatile Blastmotes      Fire/Tloc      56%        2d14      1%          3
 Flame Wave               Conj/Fire      54%        2d13      1%          4
 Leda's Liquefaction      Alch/Erth      52%        N/A       1%          4
 Freezing Cloud           Conj/Ice/Air   33%        6-21      1%          5
 Iskenderun's Battlesphe  Conj           71%        2d12      1%          5
 Metabolic Englaciation   Hex/Ice        32%        N/A       1%          5
 Ozocubu's Refrigeration  Ice            43%        4d17      1%          7
 Arcjolt                  Conj/Air       27%        1d37      2%          5
 Fireball                 Conj/Fire      27%        3d12      2%          5
 Irradiate                Conj/Alch      27%        3d20      2%          5
 Airstrike                Air            14%        2d(2-18)  7%          4
 Anguish                  Hex/Necr       14%        N/A       7%          4
 Cause Fear               Hex            14%        N/A       7%          4
 Dispel Undead            Necr           28%        3d13      7%          4
 Ignite Poison            Fire/Alch      28%        N/A       7%          4
 Manifold Assault         Tloc           28%        N/A       7%          4
 Martyr's Knell           Necr/Summ      28%        N/A       7%          4
 Passage of Golubria      Tloc           28%        N/A       7%          4
 Sticky Flame             Fire/Alch      28%        2d7       7%          4
 Summon Blazeheart Golem  Fire/Summ      28%        N/A       7%          4
 Summon Lightning Spire   Summ/Air       28%        N/A       7%          4
 Vhi's Electric Charge    Tloc/Air       56%        N/A       7%          4
 Conjure Ball Lightning   Conj/Air       27%        3x3d8     16%         6
 Starburst                Conj/Fire      27%        6d9       16%         6
 Curse of Agony           Necr           28%        N/A       19%         5
 Silence                  Hex/Air        14%        N/A       19%         5
 Summon Forest            Summ/Tloc      14%        N/A       19%         5
 Summon Mana Viper        Hex/Summ       28%        N/A       19%         5
 Yara's Violent Unravell  Hex/Alch       14%        3d7       19%         5
 Dispersal                Tloc           14%        N/A       67%         6
 Plasma Beam              Fire/Air       14%        2x1d25    67%         6
 Summon Cactus Giant      Summ           14%        N/A       67%         6
 Enfeeble                 Hex            14%        N/A       99%         7
 Haunt                    Necr/Summ      14%        N/A       99%         7
 Malign Gateway           Summ/Tloc      14%        N/A       99%         7
 Monstrous Menagerie      Summ           14%        N/A       99%         7
 Summon Hydra             Summ           14%        N/A       99%         7
 Borgnjor's Revivificati  Necr           14%        N/A       100%        8
 Discord                  Hex            14%        N/A       100%        8
 Disjunction              Tloc           14%        N/A       100%        8
 Ignition                 Fire           14%        3d6       100%        8
 Maxwell's Capacitive Co  Air            14%        ∞         100%        8
 Summon Horrible Things   Summ           14%        N/A       100%        8
 Chain Lightning          Conj/Air       27%        3d36      100%        9
 Death's Door             Necr           14%        N/A       100%        9
 Dragon's Call            Summ           14%        N/A       100%        9
 Fire Storm               Conj/Fire      27%        8d7       100%        9
 Animate Armour           Summ/Erth      Unusable   N/A       N/A         4

Dungeon Overview and Level Annotations

Branches:
Dungeon (15/15)            Temple (1/1) D:5            Lair (5/5) D:11
 Shoals (4/4) Lair:3       Spider (4/4) Lair:2        Slime (5/5) Lair:5
    Orc (2/2) D:10            Elf (3/3) Orc:2        Vaults (5/5) D:13
  Crypt (0/3) Vaults:2     Depths (4/4) D:15            Zot (5/5) Depths:4
  Sewer (visited)

Altars:
Ashenzari
Cheibriados
Dithmenos
Elyvilon
Fedhas
Gozag
Hepliaklqana
Kikubaaqudgha
Makhleb
Nemelex Xobeh
Okawaru
Qazlal
Ru
Sif Muna
Trog
Uskayaw
Vehumet
Wu Jian
Xom
Yredelemnul
Zin
The Shining One
Beogh

Shops:
D:7 (   D:10 (   D:11 [   Orc:1 **=**   Orc:2 !=([   Elf:1 ??![*   Shoals:1 (
Shoals:2 ==!(   Shoals:4 *   Vaults:1 :==:==?:   Vaults:3 =*   Vaults:4 [
Zot:5 ?   Depths:1 *   Depths:3 :=:

Portals:
Hell: Depths:1 Depths:2 Depths:3 Depths:4
Abyss: Depths:2 Depths:3
Pandemonium: Depths:2 Depths:3 Depths:4
Ziggurat: Depths:2

Annotations:
Lair:5 exclusion: oklob plant
Elf:2 3 runed translucent doors


Innate Abilities, Weirdness & Mutations

You are a creature with a mouth for a stomach.
Your midsection houses a second, enormous mouth.
You can breathe torrents of mud.
You are unimpeded by mud.
Your dull iron-grey scales are very hard. (AC +18)
You are amphibious.
You cannot fit into any form of body armour.
You are cold-blooded and may be slowed by cold attacks.
You are clumsy. (Dex -2)
You are strong-willed. (Will+)
You are vulnerable to cold. (rC-)
You expend magic power (3 MP) to strengthen your wands.


Message History

The ground beneath the rakshasa fractures!!
The rakshasa is severely wounded.
The rakshasa gestures at you.
The lance of force hits you but does no damage.
You closely miss the rakshasa.
Your tail-slap misses the rakshasa.
You bite the rakshasa!
You kill the rakshasa!
Your life force feels restored.
You now have 1780 gold pieces (gained 3).
Things that are here:
a +0 whip; a +0 robe You now have 1787 gold pieces (gained 7).
Magic restored.
You see here a +0 dagger.
HP restored.
You see here a bat skeleton.
An Orb Guardian comes into view.
You enter the deep water.
There is a staircase leading out of the dungeon here.
Casting: Lehudib's Crystal Spear (mildly dangerous; 2% risk of failure)
Confirm with . or Enter, or press ? or * to list all spells.
You feel a surge of power!
Bitter cold erupts, blasting rock from the ceiling!
The mass of rock hits the Orb Guardian!!
The Orb Guardian is heavily wounded.
Piercing cold boils outward!
The piercing cold hits the Orb Guardian!!
The Orb Guardian is almost dead.
Unknown command.
Casting: Permafrost Eruption (safe; 1% risk of failure)
Confirm with . or Enter, or press ? or * to list all spells.
You feel a surge of power!
Bitter cold erupts, blasting rock from the ceiling!
The mass of rock hits the Orb Guardian.
The Orb Guardian is almost dead.
Piercing cold boils outward!
The piercing cold hits the Orb Guardian!!!
You kill the Orb Guardian!
Unknown command.
You have escaped!

####†####....##.....##.......
#)# #########....##.......
#.###.#.#.#.#....##.......
#.##.#.#.#.#..#####.......
#.###.#.#.#.#.# ########
#.##.#.#.#.#..#
#.###.~≈≈≈°$#.#
#.##.#~...°#..#
#.###.~..W≈.#.#
#.##.#~...≈#..#
#.###.~≈≈≈≈.#.##
#.##.#.#.#.#...###
#.###.#.#.#.##...###
#.##.#.#.#.#.###...###
###.###.#.#.#.## ###...#
#...# ###..#### ###.#
#.########.# #.#


There were no monsters in sight!

Vanquished Creatures
  Dissolution (Slime:3)
  the Royal Jelly (Slime:5)
  Tiamat (Zot:3)
  2 orbs of fire (Zot:5)
  Mara (Spider:3)
  An ancient lich (Vaults:5)
  A juggernaut (Depths:2)
  Xtahua (Vaults:3)
  Vv (Zot:2)
  A Killer Klown (Zot:5)
  2 curse toes
  18 golden dragons
  Arachne (Spider:2)
  Norris (Elf:1)
  A profane servitor (D:11)
  A Tzitzimitl (D:14)
  5 bone dragons
  2 electric golems
  A Brimstone Fiend (D:10)
  Jorgrun (Elf:1)
  A walking crystal tome (Depths:2)
  A lich (Depths:3)
  Mlioglotl (Spider:2)
  22 tentacled monstrosities
  Asterion (Spider:1)
  The ghost of hackum the Brawler, an adept DrSh of Wu Jian (Shoals:4)
  A walking earthen tome (Depths:2)
  10 Orb Guardians
  A walking divine tome (Depths:2)
  2 titans (Vaults:5)
  2 deep elf master archers (Elf:3)
  A deep elf blademaster (Elf:3)
  8 quicksilver dragons
  29 acid blobs
  7 sphinxes
  A kraken (Shoals:4)
  9 death cobs
  Agnes (D:14)
  11 tengu reavers
  7 azure jellies
  18 storm dragons
  9 shadow dragons
  Donald (Elf:1)
  The ghost of Agetab the Devastator, an adept DECj of Sif Muna (Shoals:1)
  4 protean progenitors
  7 rockslimes
  Roxanne (Spider:1)
  9 draconian knights
  4 fire giants
  8 deep elf sorcerers
  4 draconian monks
  Louise (D:14)
  17 vault wardens
  8 emperor scorpions
  6 draconian scorchers
  3 iron dragons
  4 ghost moths
  6 draconian shifters
  A reaper (Depths:2)
  5 deep elf elementalists (Elf:3)
  2 draconian stormcallers
  7 frost giants
  2 orc warlords
  7 broodmothers
  14 quicksilver oozes
  19 ironbound preservers
  5 draconian annihilators
  2 spriggan defenders (Depths:2)
  23 very ugly things
  10 formless jellyfish
  2 lorocyprocas
  17 stone giants
  A vampire knight (Depths:3)
  5 deep elf demonologists
  12 green draconians
  9 ironbound thunderhulks
  8 deep elf annihilators
  6 deep elf death magi
  12 black draconians
  10 purple draconians
  9 dire elephants
  21 yellow draconians
  2 spark wasps (Depths:2)
  11 red draconians
  11 ettins
  13 white draconians
  3 green deaths
  16 yaktaur captains
  A blizzard demon (D:7)
  5 merfolk javelineers
  10 entropy weavers
  9 fire dragons
  9 merfolk impalers
  Josephine (D:14)
  13 ice dragons
  8 great orbs of eyes
  35 vault guards
  A hell beast (Zot:2)
  3 deep elf high priests (Elf:3)
  5 rakshasas
  11 ironbound frosthearts
  5 merfolk avatars
  8 hydras
  5 boulder beetles
  Erica (Orc:1)
  2 ogre magi
  2 catoblepae
  3 two-headed ogres (shapeshifter) (Vaults:5)
  4 alligator snapping turtles
  3 ghost crabs (Lair:4)
  10 centaur warriors
  9 deep troll shamans
  3 radroaches
  5 spriggan air magi
  14 dancing weapons
  8 two-headed ogres
  A merfolk aquamancer (Shoals:4)
  9 deep troll earth magi
  3 orc high priests
  2 hell hogs (Lair:5)
  The ghost of stazo the Cleaver, a novice DsFi of Trog (D:10)
  2 occultists (Depths:3)
  3 spriggan berserkers
  5 tengu warriors
  A death yak (D:11)
  5 demonic crawlers
  2 satyrs (Shoals:4)
  2 vampire magi
  7 hell knights (Depths:3)
  10 skysharks
  A sun demon (Depths:2)
  10 deep elf knights
  3 sixfirhies
  4 spriggans
  2 storm dragon zombies (Depths:2)
  4 skeletal warriors (D:11)
  5 iron trolls
  5 fire crabs (Lair:4)
  6 glowing orange brains
  A deep troll (shapeshifter) (Depths:3)
  2 goliath frogs (Zot:3)
  A flayed ghost (Vaults:5)
  6 pharaoh ants
  13 sea snakes
  A storm dragon skeleton (Depths:2)
  10 deep elf archers
  65 deep trolls
  2 sun moths
  5 steelbarb worms
  6 arcanists
  15 orb spiders
  A sun moth (shapeshifter) (Depths:4)
  A thermic dynamo (Elf:3)
  25 deep elf zephyrmancers
  4 phantasmal warriors
  A harpy (shapeshifter) (D:11)
  A steelbarb worm (shapeshifter) (D:15)
  14 ironbound convokers
  6 necromancers
  An obsidian statue (Shoals:4)
  4 lindwurms
  29 deep elf pyromancers
  29 harpies
  9 orc knights
  3 oklob plants
  A sphinx simulacrum (Depths:2)
  4 shining eyes
  21 ugly things
  20 wolf spiders
  21 manticores
  6 orc sorcerers
  7 cyclopes
  An iron dragon skeleton (Depths:2)
  Maurice (D:7)
  10 elephants
  33 moths of wrath
  An elephant (shapeshifter) (Depths:2)
  8 black mambas
  13 merfolk sirens
  7 meliai
  A water nymph (Shoals:4)
  An apocalypse crab (Lair:4)
  A black mamba (shapeshifter) (D:12)
  122 slime creatures
  Joseph (D:8)
  3 gargoyles
  2 centaur zombies (D:15)
  25 vault sentinels
  6 kobold blastminers (Orc:2)
  A torpor snail (shapeshifter) (Vaults:5)
  A water nymph (shapeshifter) (Depths:1)
  2 molten gargoyles (Lair:5)
  3 eyes of devastation (Slime:5)
  3 torpor snails
  A smoke demon (Depths:2)
  11 cane toads
  A kobold demonologist (D:11)
  13 komodo dragons
  3 freezing wraiths
  2 unseen horrors
  3 rime drakes
  28 yaktaurs
  An efreet (D:15)
  An ice devil (D:11)
  A spark wasp simulacrum (Depths:2)
  4 tengu conjurers
  8 wind drakes
  25 merfolk
  7 trolls
  A hellwing (D:15)
  5 hornets
  A blink frog (shapeshifter) (D:13)
  25 tarantellas
  2 polar bears
  10 snapping turtles
  A raiju (shapeshifter) (D:15)
  34 blink frogs
  A glass eye (Slime:5)
  17 culicivoras
  2 dream sheep (Shoals:4)
  2 air elementals
  19 jumping spiders
  A shadow (D:12)
  5 wraiths
  4 vampires
  14 water elementals
  3 fire elementals
  21 yaks
  7 wargs
  49 redbacks
  23 golden eyes
  9 basilisks
  6 wyverns
  3 steam dragons
  5 vampire mosquitoes
  A swamp worm (shapeshifter) (D:15)
  4 acid dragons
  11 water moccasins
  A naga (shapeshifter) (D:11)
  4 hell hounds (Lair:5)
  34 orc warriors
  An ice beast (shapeshifter) (D:13)
  13 ogres
  4 laughing skulls (D:13)
  2 black bears (D:11)
  A sky beast (Shoals:3)
  A boggart (D:15)
  9 wolves
  24 centaurs
  A weeping skull (D:5)
  8 kobold brigands
  6 gnoll sergeants
  20 bullfrogs
  A brain worm (shapeshifter) (D:15)
  4 scorpions (D:5)
  An earth elemental (Elf:2)
  8 wights
  12 killer bees
  4 howler monkeys
  5 electric eels
  4 lava snakes (Lair:5)
  A bombardier beetle (D:4)
  5 gnoll boudas
  8 hounds
  21 jellies
  28 orc priests
  6 iguanas
  30 orc wizards
  A boggart simulacrum (D:15)
  Robin (D:4)
  40 gnolls
  15 adders
  A white imp (Vaults:3)
  4 ufetubi
  4 dart slugs
  6 ribbon worms
  129 orcs
  11 ball pythons
  25 endoplasms
  8 giant cockroaches
  13 goblins
  8 hobgoblins
  10 jackals
  A quokka (D:1)
  13 bats
  7 frilled lizards
  21 kobolds
  9 rats
  A spectral orc (D:5)
  2 aspiring fleshes
  3 tentacles (Shoals:4)
2399 creatures vanquished.

Vanquished Creatures (collateral kills)
  An orb of fire (Zot:5)
  A golden dragon (Zot:5)
  7 Orb Guardians (Zot:5)
  A quicksilver dragon (Zot:5)
  A storm dragon (Zot:5)
  2 emperor scorpions (Spider:4)
  A rockslime (Slime:1)
  A green draconian (Zot:5)
  A red draconian (Zot:5)
  A boulder beetle (D:11)
  A wolf spider (Spider:4)
  A moth of wrath (Zot:5)
  3 slime creatures
  An ogre (D:8)
  A hound (D:6)
  3 gnolls
  4 orcs
  A hobgoblin (D:2)
  A bat (D:3)
33 creatures vanquished.

Vanquished Creatures (others)
  An orb of fire (Zot:5)
  A Killer Klown (Zot:5)
  A Tzitzimitl (Depths:3)
  2 tentacled monstrosities (Zot:5)
  7 Orb Guardians (Zot:5)
  A shadow dragon (Zot:5)
  A draconian monk (Zot:5)
  A draconian scorcher (Zot:5)
  A ghost moth (Zot:4)
  A draconian annihilator (Zot:5)
  A black draconian (Zot:5)
  3 white draconians (Zot:5)
  A red draconian (Zot:5)
  2 purple draconians (Zot:5)
  A steelbarb worm (Spider:4)
  A manticore (D:11)
  A tormentor (Zot:5)
  A merfolk (Shoals:4)
  A jumping spider (Spider:3)
  A water elemental (Elf:2)
  A vampire mosquito (D:14)
  2 orc warriors (D:8)
  A bullfrog (D:6)
  A killer bee (D:10)
  A gnoll (D:2)
  An orc (Vaults:5)
  5 tentacles (Shoals:4)
42 creatures vanquished.

Grand Total: 2474 creatures vanquished

Notes
Turn   | Place    | Note
-------+----------+-------------------------------------------
     0 | D:1      | Armakuni the Draconian Artificer began the quest for the
                  | Orb.
     0 | D:1      | Reached XP level 1. HP: 16/16 MP: 1/1
   214 | D:1      | Reached XP level 2. HP: 23/25 MP: 2/2
   253 | D:1      | Found a faded altar of an unknown god.
   554 | D:1      | Reached XP level 3. HP: 21/31 MP: 3/3
  1007 | D:1      | Identified a scroll of acquirement
  1007 | D:1      | Acquired the ring of Ompos {^Contam rElec AC+4 Int+3 Dex+3}
  1577 | D:2      | Reached XP level 4. HP: 35/41 MP: 4/4
  1736 | D:2      | Acquired a manual of Shapeshifting
  2011 | D:3      | Found an opulent altar of Gozag.
  2112 | D:3      | Found a shimmering altar of Xom.
  2238 | D:3      | Became a worshipper of Gozag Ym Sagoz the Greedy
  2409 | D:3      | Reached skill level 5 in Fighting
  2453 | D:3      | Reached skill level 1 in Maces & Flails
  2522 | D:3      | Reached XP level 5. HP: 48/48 MP: 5/5
  3238 | D:4      | Reached XP level 6. HP: 52/56 MP: 6/6
  3252 | D:4      | Found a glowing drain.
  3256 | Sewer    | Entered a sewer
  3909 | D:4      | Found a glowing silver altar of Zin.
  3960 | D:4      | Noticed Robin
  3987 | D:4      | Killed Robin
  4020 | D:4      | Got the Volume of the Alpine Cumulonimbus
  4417 | D:4      | Reached skill level 5 in Evocations
  4660 | D:5      | Entered Level 5 of the Dungeon
  4680 | D:5      | Your scales start taking on a dull iron-grey colour.
  4680 | D:5      | Reached XP level 7. HP: 60/61 MP: 7/7
  5026 | D:5      | You fall into a shaft and drop 2 floors!
  5163 | D:5      | Reached XP level 8. HP: 68/68 MP: 8/8
  5227 | D:5      | Found a basalt altar of Yredelemnul.
  5473 | D:5      | Found a staircase to the Ecumenical Temple.
  5488 | Temple   | Entered the Ecumenical Temple
  5962 | D:6      | Identified the +2 hand axe of Melee {drain, Will+}
  6150 | D:6      | Reached skill level 10 in Evocations
  6457 | D:6      | Noticed a manticore
  6483 | D:6      | Killed a manticore
  6484 | D:6      | Reached XP level 9. HP: 29/74 MP: 9/9
  6484 | D:6      | Noticed a troll
  6489 | D:6      | Killed a troll
  6734 | D:6      | Reached skill level 5 in Staves
  7557 | D:7      | Noticed Maurice
  7581 | D:7      | Something stole a +0 quarterstaff
  7583 | D:7      | Killed Maurice
  7770 | D:7      | Found a bloodstained altar of Trog.
  7774 | D:7      | Found a shimmering blue altar of Sif Muna.
  7801 | D:7      | Noticed an oklob plant
  7809 | D:7      | Bought an iridescent eveningstar for 640 gold pieces
  7809 | D:7      | Identified the +6 eveningstar "Tyzigus" {freeze, rPois
                  | rN+++ Str+2 Stlth-} (You bought it in a shop on level 7 of
                  | the Dungeon)
  7867 | D:7      | Killed an oklob plant
  8020 | D:8      | Reached XP level 10. HP: 79/81 MP: 10/10
  8042 | D:8      | Noticed Joseph
  8065 | D:8      | Killed Joseph
  8183 | D:8      | Identified the +0 plate armour of Generosity {rF+}
  8192 | D:8      | Reached skill level 10 in Staves
  9250 | D:9      | Found a blossoming altar of Fedhas.
  9614 | D:9      | Noticed a two-headed ogre
  9622 | D:9      | Killed a two-headed ogre
  9933 | D:9      | Found a sacrificial altar of Ru.
 10017 | D:10     | Entered Level 10 of the Dungeon
 10167 | D:10     | Found a broken altar of Ashenzari.
 10238 | D:10     | Found a staircase to the Orcish Mines.
 10268 | D:10     | Found Xemexot's Antique Weapon Shop.
 10298 | D:10     | Reached XP level 11. HP: 88/88 MP: 11/11
 10335 | D:10     | Bought an iridescent great mace for 230 gold pieces
 10335 | D:10     | Identified the +7 great mace of Mayhem {pain, rF+ rCorr
                  | Dex+3} (You bought it in a shop on level 10 of the Dungeon)
 10483 | D:10     | Noticed a two-headed ogre
 10486 | D:10     | Found a transporter.
 10490 | D:10     | Noticed stazo's ghost (novice DsFi)
 10492 | D:10     | Noticed a two-headed ogre
 10494 | D:10     | Identified the +3 great mace of Past Mistakes {venom, rC++
                  | rN+}
 10494 | D:10     | Noticed a two-headed ogre
 10859 | D:10     | Found a glowing golden altar of the Shining One.
 10979 | D:11     | Noticed a harpy
 10984 | D:11     | Killed a harpy
 11457 | D:11     | Found a staircase to the Lair.
 11457 | D:11     | Noticed a death yak
 11482 | D:11     | Killed a death yak
 11526 | D:11     | Noticed a boulder beetle
 11544 | D:11     | Killed a boulder beetle
 11690 | D:11     | Noticed a two-headed ogre
 11696 | D:11     | Killed a two-headed ogre
 11861 | D:11     | Noticed a catoblepas
 11873 | D:11     | Killed a catoblepas
 11907 | D:11     | Noticed a stone giant
 11922 | D:11     | Killed a stone giant
 12041 | D:11     | Noticed an orc sorcerer
 12045 | D:11     | Killed an orc sorcerer
 12046 | D:11     | Reached skill level 10 in Fighting
 12055 | D:11     | Identified the +0 plate armour of the King of the Hill
                  | {rF++ rC- Int+3 Stlth+}
 12085 | D:11     | Noticed a frost giant
 12088 | D:11     | Found the +9 staff of Olgreb {rPois∞}
 12093 | D:11     | Killed a frost giant
 12094 | D:11     | Reached XP level 12. HP: 33/106 MP: 12/12
 12400 | D:11     | Noticed a centaur warrior
 12405 | D:11     | Killed a centaur warrior
 12406 | D:11     | Reached skill level 5 in Dodging
 12415 | D:11     | Noticed a centaur warrior
 12742 | D:11     | Killed a centaur warrior
 12891 | D:11     | Noticed a frost giant
 12899 | D:11     | Killed a frost giant
 13111 | D:11     | Found Inyssok's Armour Emporium.
 13496 | Orc:1    | Entered Level 1 of the Orcish Mines
 13496 | Orc:1    | Found a roughly hewn altar of Beogh.
 13498 | Orc:1    | Noticed an orc high priest
 13510 | Orc:1    | Killed an orc high priest
 13791 | Orc:1    | Found Weilia's General Store.
 13816 | Orc:1    | Bought a scroll of immolation for 72 gold pieces
 13827 | Orc:1    | Found Minoido's Jewellery Emporium.
 13846 | Orc:1    | Found Dyocsimn's General Store.
 13848 | Orc:1    | Found Mimerchar's Specific Store.
 13848 | Orc:1    | Found Bitykou's Assorted Antiques.
 13881 | Orc:1    | Bought the ring "Cidecvef" {^Drain rF+ Int+3 Slay+3} for
                  | 724 gold pieces
 13910 | Orc:1    | Bought a scroll labelled JAWIJASSAO for 40 gold pieces
 13995 | Orc:1    | Noticed Erica
 14006 | Orc:1    | Killed Erica
 14232 | Orc:1    | Found a roughly hewn altar of Beogh.
 14356 | Orc:2    | Entered Level 2 of the Orcish Mines
 14358 | Orc:2    | Found a staircase to the Elven Halls.
 14457 | Orc:2    | Reached XP level 13. HP: 95/113 MP: 5/13
 14701 | Orc:2    | Found a roughly hewn altar of Beogh.
 14854 | Orc:2    | Found a roughly hewn altar of Beogh.
 14996 | Orc:2    | Found a roughly hewn altar of Beogh.
 15033 | Orc:2    | Found Eri Huocvol's Jewellery Shop.
 15084 | Orc:2    | Found a roughly hewn altar of Beogh.
 15097 | Orc:2    | Found Tewuh's Distillery.
 15114 | Orc:2    | Bought a potion of haste for 140 gold pieces
 15114 | Orc:2    | Bought a potion of heal wounds for 70 gold pieces
 15114 | Orc:2    | Bought a potion of curing for 42 gold pieces
 15114 | Orc:2    | Bought a potion of enlightenment for 70 gold pieces
 15180 | Orc:2    | Noticed an orc warlord
 15201 | Orc:2    | Reached skill level 15 in Evocations
 15212 | Orc:2    | Killed an orc warlord
 15343 | Orc:2    | Found Xidwitid's Antique Weapon Boutique.
 15343 | Orc:2    | Found a roughly hewn altar of Beogh.
 15345 | Orc:2    | Found Xiqai's Antique Armour Shop.
 15391 | Orc:2    | Bought a crude buckler for 275 gold pieces
 15391 | Orc:2    | Identified the +0 buckler "Tuhoabur" {rC++ Int+4 Dex-3
                  | SInv} (You bought it in a shop on level 2 of the Orcish
                  | Mines)
 15427 | Orc:2    | Found a roughly hewn altar of Beogh.
 15491 | Orc:1    | Bought a potion of heal wounds for 200 gold pieces
 15654 | Lair:1   | Entered Level 1 of the Lair of Beasts
 15663 | Lair:1   | Reached skill level 1 in Shields
 15847 | Lair:1   | Reached skill level 5 in Shields
 17306 | Lair:2   | Found a hole to the Spider Nest.
 17310 | Lair:2   | Reached XP level 14. HP: 114/121 MP: 9/14
 17619 | Lair:3   | Found a staircase to the Shoals.
 19303 | Lair:4   | Found a runed translucent door.
 19781 | Lair:5   | Entered Level 5 of the Lair of Beasts
 19800 | Lair:5   | Acquired 1033 gold pieces
 19964 | Lair:5   | Found a staircase to the Slime Pits.
 20100 | Lair:5   | Learned a level 2 spell: Blink
 20723 | Lair:5   | Reached XP level 15. HP: 112/126 MP: 12/15
 20756 | Lair:5   | Found a large runed translucent door.
 20757 | Lair:5   | Found a large runed translucent door.
 21108 | Spider:1 | Entered Level 1 of the Spider Nest
 21108 | Spider:1 | Noticed Roxanne
 21326 | Spider:1 | Noticed Asterion
 21340 | Spider:1 | Killed Asterion
 22096 | Spider:1 | Killed Roxanne
 22181 | Spider:2 | Noticed Arachne
 22205 | Spider:2 | Killed Arachne
 22256 | Spider:2 | Noticed Mlioglotl
 22282 | Spider:2 | Killed Mlioglotl
 23164 | Spider:2 | Noticed an emperor scorpion
 23174 | Spider:2 | Killed an emperor scorpion
 23240 | Spider:3 | Noticed Mara
 23478 | Spider:3 | Reached XP level 16. HP: 80/147 MP: 16/16
 23482 | Spider:3 | Reached skill level 15 in Fighting
 23505 | Spider:3 | Killed Mara
 23643 | Spider:3 | Identified the +9 flail "Bomi" {heavy, rF+++ rC- rN+++
                  | Dex-4}
 23981 | Spider:4 | Entered Level 4 of the Spider Nest
 25070 | Spider:4 | Identified the +2 pair of boots of Ifygally {rPois rF-
                  | rCorr}
 25111 | Spider:4 | Got a gossamer rune of Zot
 25241 | Spider:4 | Reached XP level 17. HP: 168/168 MP: 17/17
 25242 | Spider:4 | Reached XP level 18. HP: 178/178 MP: 18/18
 25715 | D:12     | Reached skill level 1 in Spellcasting
 26778 | D:13     | Found a gate to the Vaults.
 26783 | D:13     | Reached XP level 19. HP: 172/185 MP: 20/25
 26797 | D:13     | Reached skill level 5 in Spellcasting
 27340 | D:14     | Noticed Agnes
 27349 | D:14     | Killed Agnes
 27371 | D:14     | Noticed Louise
 27386 | D:14     | Killed Louise
 27635 | D:14     | Noticed Josephine
 27640 | D:14     | Killed Josephine
 27854 | D:15     | Entered Level 15 of the Dungeon
 27981 | D:15     | Identified the +5 short sword of Distraction {holy, Will+}
 28227 | D:15     | Got Dabbling in Occult Knowledge
 28394 | D:15     | Found a broken altar of Ashenzari.
 28941 | D:15     | Found a staircase to the Depths.
 29112 | Vaults:1 | Entered Level 1 of the Vaults
 29121 | Vaults:1 | Bought a scroll of immolation for 48 gold pieces
 29121 | Vaults:1 | Bought a scroll of teleportation for 36 gold pieces
 29128 | Vaults:1 | Bought a book of Armaments for 432 gold pieces
 29138 | Vaults:1 | Learned a level 8 spell: Lehudib's Crystal Spear
 29274 | Shoals:1 | Entered Level 1 of the Shoals
 29583 | Shoals:1 | Found Keckas's Antique Weapon Boutique.
 29704 | Shoals:1 | Found a runed translucent gate.
 29704 | Shoals:1 | Found a runed translucent gate.
 29704 | Shoals:1 | Found a runed translucent gate.
 29709 | Shoals:1 | Noticed Agetab's ghost (adept DECj)
 29731 | Shoals:1 | Killed Agetab's ghost
 29939 | Shoals:1 | Reached skill level 10 in Spellcasting
 29944 | Shoals:1 | Reached skill level 1 in Earth Magic
 29968 | Shoals:1 | Reached skill level 2 in Earth Magic
 29979 | Shoals:1 | Reached skill level 3 in Earth Magic
 30185 | Shoals:2 | Reached skill level 4 in Earth Magic
 30219 | Shoals:2 | Found Rysacem's Antique Weapon Shop.
 30457 | Shoals:2 | Found Tecunt's Distillery.
 30473 | Shoals:2 | Bought a potion of heal wounds for 65 gold pieces
 30473 | Shoals:2 | Bought a potion of mutation for 104 gold pieces
 30476 | Shoals:2 | Found Pyq Cad's Assorted Antiques.
 30588 | Shoals:2 | Reached skill level 5 in Earth Magic
 30619 | Shoals:2 | Found Afov's Jewellery Shoppe.
 30681 | Shoals:2 | Found Avaget's Jewellery Shop.
 30836 | Shoals:3 | Reached skill level 6 in Earth Magic
 30926 | Shoals:3 | Reached skill level 7 in Earth Magic
 31092 | Shoals:3 | Reached skill level 8 in Earth Magic
 31256 | Shoals:3 | Reached skill level 9 in Earth Magic
 31753 | Shoals:4 | Entered Level 4 of the Shoals
 31852 | Shoals:4 | Found a runed translucent gate.
 31852 | Shoals:4 | Found a runed translucent gate.
 31852 | Shoals:4 | Found a runed translucent gate.
 31857 | Shoals:4 | Found an opulent altar of Gozag.
 31857 | Shoals:4 | Found Qewkesom's Assorted Antiques.
 31857 | Shoals:4 | Noticed hackum's ghost (adept DrSh)
 31877 | Shoals:4 | Reached skill level 10 in Earth Magic
 32152 | Shoals:4 | Reached skill level 11 in Earth Magic
 32335 | Shoals:4 | Reached XP level 20. HP: 163/193 MP: 27/34
 32393 | Shoals:4 | Reached skill level 12 in Earth Magic
 32417 | Shoals:4 | Got a barnacled rune of Zot
 32813 | Shoals:4 | Reached skill level 13 in Earth Magic
 32844 | Shoals:4 | Identified the ring "Cezauwou" {rF+ rC+}
 32901 | Shoals:4 | Got the Omnibus of the Squall and Crysopoeia
 33195 | Shoals:4 | Identified the +2 plate armour "Cyuj" {rN+ rCorr}
 33513 | Vaults:1 | Bought a book of the Earth for 684 gold pieces
 33520 | Vaults:1 | Learned a level 5 spell: Lee's Rapid Deconstruction
 33525 | Vaults:1 | Learned a level 4 spell: Leda's Liquefaction
 33532 | Vaults:1 | Learned a level 6 spell: Permafrost Eruption
 33662 | Vaults:1 | Reached skill level 1 in Ice Magic
 34583 | Vaults:1 | Reached skill level 5 in Ice Magic
 34756 | Vaults:1 | Reached skill level 14 in Earth Magic
 35524 | Vaults:2 | Reached skill level 15 in Earth Magic
 35842 | Vaults:2 | Reached skill level 16 in Earth Magic
 36339 | Vaults:2 | Reached skill level 17 in Earth Magic
 36577 | Vaults:2 | Found a staircase to the Crypt.
 36577 | Vaults:2 | Found an ancient bone altar of Kikubaaqudgha.
 36578 | Vaults:2 | Found a basalt altar of Yredelemnul.
 36966 | Vaults:3 | Noticed Xtahua
 36989 | Vaults:3 | Paralysed by Xtahua for 3 turns
 37123 | Vaults:3 | Paralysed by Xtahua for 2 turns
 37173 | Vaults:3 | Killed Xtahua
 37174 | Vaults:3 | Reached skill level 18 in Earth Magic
 37331 | Vaults:3 | Reached XP level 21. HP: 112/201 MP: 33/35
 37340 | Vaults:3 | HP: 3/201 [vault warden/+2 halberd of protection (30)]
 37515 | Vaults:3 | Reached skill level 19 in Earth Magic
 38022 | Vaults:3 | Reached skill level 20 in Earth Magic
 38239 | Vaults:3 | You fall into a shaft and drop 1 floor!
 38539 | Vaults:3 | Found Fulank's General Store.
 38543 | Vaults:3 | Bought a wand of roots (6) for 172 gold pieces
 39077 | Vaults:4 | Found Datim's Antique Armour Boutique.
 39083 | Vaults:4 | Bought an embroidered cloak for 285 gold pieces
 39240 | Vaults:4 | Reached skill level 21 in Earth Magic
 39831 | Vaults:4 | Reached skill level 22 in Earth Magic
 40505 | Depths:1 | Entered Level 1 of the Depths
 40967 | Depths:1 | Found Men Cal's Assorted Antiques.
 40977 | Depths:1 | Bought a scroll of revelation for 247 gold pieces
 41182 | Depths:1 | Found an opulent altar of Gozag.
 41216 | Depths:1 | Reached skill level 23 in Earth Magic
 41264 | Depths:1 | Reached XP level 22. HP: 93/209 MP: 7/36
 41432 | Depths:1 | Found a portal to a secret trove of treasure.
 41464 | Depths:1 | Found the +9 scales of the Dragon King {rPois rF+ rC+
                  | Will+}
 41722 | Depths:1 | Found a gateway to Hell.
 42173 | Slime:1  | Entered Level 1 of the Pits of Slime
 42682 | Slime:2  | Reached skill level 24 in Earth Magic
 43386 | Slime:3  | Gained mutation: You sometimes lose your temper in combat.
                  | [a shining eye]
 43389 | Slime:2  | Gained mutation: Your tail ends in a venomous barb. [a
                  | shining eye]
 43636 | Slime:4  | Noticed Dissolution
 43650 | Slime:3  | Gained mutation: You are dopey. (Int -2) [a shining eye]
 43654 | Slime:3  | Killed Dissolution
 43769 | Slime:3  | Reached skill level 25 in Earth Magic
 44073 | Slime:4  | Paralysed by a formless jellyfish for 1 turns
 44080 | Slime:3  | Paralysed by a formless jellyfish for 1 turns
 44520 | Slime:5  | Entered Level 5 of the Pits of Slime
 44844 | Slime:5  | Noticed the Royal Jelly
 44851 | Slime:5  | Killed the Royal Jelly
 44863 | Slime:5  | Reached skill level 26 in Earth Magic
 45106 | Slime:5  | Identified the +7 spear of Fedhas, Mashing {flame, SInv}
 45411 | Slime:5  | Found the +8 storm bow {elec, penet}
 45426 | Slime:5  | Identified the +8 quarterstaff "Conservator" {flame, Will+
                  | Dex+4}
 45436 | Slime:5  | Identified the +0 ring mail of Love and Death {rF+ rC++}
 45537 | Slime:5  | Found the +8 pair of quick blades "Gyre" and "Gimble"
                  | {protect}
 45556 | Slime:5  | Got a slimy rune of Zot
 45758 | Slime:5  | Identified the +1 helmet of the Moon Troll {rElec rCorr
                  | Str-2 Int+3}
 46098 | Depths:1 | You showed the slimy rune of Zot to enter a treasure trove
 46099 | Trove    | Entered a treasure trove
 46118 | Trove    | Reached XP level 23. HP: 215/215 MP: 37/37
 46140 | Trove    | Got Sif Muna's Catalogue of the Deviated Volley
 46148 | Trove    | Learned a level 3 spell: Passwall
 46155 | Trove    | Learned a level 6 spell: Bombard
 46160 | Trove    | Learned a level 4 spell: Petrify
 46178 | Trove    | Identified the amulet of Light {rN+ Will+ RegenMP+}
 46429 | Elf:1    | Entered Level 1 of the Elven Halls
 46466 | Orc:2    | Bought a pair of boots for 130 gold pieces
 46506 | Elf:1    | Reached skill level 27 in Earth Magic
 46518 | Elf:1    | Noticed Jorgrun
 46551 | Elf:1    | Killed Jorgrun
 46599 | Orc:2    | Lost mutation: Your tail ends in a venomous barb. [potion
                  | of mutation]
 46599 | Orc:2    | Lost mutation: You are dopey. (Int -2) [potion of mutation]
 46599 | Orc:2    | Gained mutation: You are dopey. (Int -2) [potion of
                  | mutation]
 46599 | Orc:2    | Gained mutation: Your muscles are strong. (Str +4, Int/Dex
                  | -1) [potion of mutation]
 46600 | Orc:2    | Lost mutation: You are dopey. (Int -2) [potion of mutation]
 46600 | Orc:2    | Lost mutation: Your muscles are strong. (Str +4, Int/Dex
                  | -1) [potion of mutation]
 46600 | Orc:2    | Lost mutation: You sometimes lose your temper in combat.
                  | [potion of mutation]
 46600 | Orc:2    | Gained mutation: You occasionally lose the ability to read
                  | scrolls when taking damage. [potion of mutation]
 46600 | Orc:2    | Gained mutation: You are covered in fur. (AC +1) [potion of
                  | mutation]
 46601 | Orc:2    | Lost mutation: You are covered in fur. (AC +1) [potion of
                  | mutation]
 46601 | Orc:2    | Lost mutation: You occasionally lose the ability to read
                  | scrolls when taking damage. [potion of mutation]
 46601 | Orc:2    | Gained mutation: You expend magic power (3 MP) to
                  | strengthen your wands. [potion of mutation]
 46601 | Orc:2    | Gained mutation: You are strong-willed. (Will+) [potion of
                  | mutation]
 46671 | Elf:1    | Found Tifoifoi's Magic Scroll Boutique.
 46675 | Elf:1    | Found Ragytt's Distillery.
 46675 | Elf:1    | Found Uluas's Magic Scroll Boutique.
 46678 | Elf:1    | Found Daok's Antique Armour Shop.
 46685 | Elf:1    | Bought a scroll of enchant armour for 105 gold pieces
 46689 | Elf:1    | Bought a scroll of revelation for 105 gold pieces
 46692 | Elf:1    | Bought a scroll of summoning for 161 gold pieces
 46692 | Elf:1    | Bought a scroll of summoning for 161 gold pieces
 46692 | Elf:1    | Bought a scroll of immolation for 68 gold pieces
 46692 | Elf:1    | Bought a scroll of immolation for 68 gold pieces
 46692 | Elf:1    | Bought a scroll of enchant armour for 127 gold pieces
 46698 | Elf:1    | Bought a potion of heal wounds for 65 gold pieces
 46698 | Elf:1    | Bought a potion of brilliance for 52 gold pieces
 46698 | Elf:1    | Bought a potion of cancellation for 104 gold pieces
 46698 | Elf:1    | Bought a potion of curing for 39 gold pieces
 46698 | Elf:1    | Bought a potion of enlightenment for 65 gold pieces
 46704 | Elf:1    | Found Kuuciest's Gadget Gallery.
 46738 | Elf:1    | Bought a wand of roots (4) for 163 gold pieces
 46738 | Elf:1    | Bought a wand of roots (5) for 204 gold pieces
 46738 | Elf:1    | Bought a wand of flame (5) for 59 gold pieces
 47176 | Elf:1    | Got the Information on the Floating Dragon
 47186 | Elf:1    | Noticed Donald
 47192 | Elf:1    | Killed Donald
 47319 | Elf:1    | Noticed Norris
 47327 | Elf:1    | Killed Norris
 47328 | Elf:1    | Reached skill level 10 in Ice Magic
 47627 | Elf:1    | Learned a level 4 spell: Brom's Barrelling Boulder
 47764 | Elf:2    | Reached XP level 24. HP: 221/224 MP: 24/37
 48176 | Elf:2    | Identified the +8 shortbow "Ranof" {freeze, rCorr Int+2}
 48265 | Elf:2    | Found a runed translucent gate.
 48267 | Elf:2    | Found a runed translucent gate.
 48267 | Elf:2    | Found a runed translucent gate.
 48591 | Elf:3    | Entered Level 3 of the Elven Halls
 49596 | Elf:3    | Reached skill level 15 in Ice Magic
 49628 | Elf:3    | Identified the ring of Tykeufro {Fire Str+4}
 49629 | Elf:3    | Identified the ring "Teerphij" {Wiz rF+++ Dex-4}
 49747 | Elf:3    | Identified the staff of Due Proportion {rElec MP+9 Dex+3
                  | Air}
 49775 | Elf:3    | Identified the staff of the Tired Princes {rN+ Str+5 Dex-4
                  | Necro}
 49836 | Elf:3    | Found the +0 mask of the Dragon {Will+ Slay+3 SInv}
 50292 | D:10     | Found a transporter.
 50301 | D:10     | Killed stazo's ghost
 50538 | Shoals:4 | Killed hackum's ghost
 50613 | Shoals:4 | Bought a potion of magic for 160 gold pieces
 50613 | Shoals:4 | Bought a scroll of immolation for 80 gold pieces
 50613 | Shoals:4 | Bought a maw talisman for 600 gold pieces
 50825 | Shoals:4 | Identified the +0 robe of the Devil's Team {Dex+2 Stlth+}
 51076 | Depths:2 | Reached skill level 1 in Shapeshifting
 51180 | Depths:2 | Found a one-way gateway to a ziggurat.
 51214 | Depths:2 | Reached skill level 5 in Shapeshifting
 51722 | Depths:2 | Noticed a juggernaut
 51740 | Depths:2 | Killed a juggernaut
 52156 | Depths:2 | Reached skill level 10 in Shapeshifting
 52404 | Depths:2 | Reached skill level 1 in Conjurations
 52537 | Depths:2 | Reached skill level 5 in Conjurations
 53001 | Depths:2 | Identified the +1 helmet "Pemujiah" {*Corrode Int+8 Dex-4
                  | Stlth+}
 53182 | Depths:2 | Found a one-way gate to the infinite horrors of the Abyss.
 53187 | Depths:2 | Found a one-way gate leading to the halls of Pandemonium.
 53701 | Depths:3 | Reached XP level 25. HP: 175/232 MP: 22/38
 53992 | Depths:3 | Found Oteucra's Book Shoppe.
 53993 | Depths:3 | Found Rofrumae's Jewellery Boutique.
 53994 | Depths:3 | Found Begas's Book Shoppe.
 54000 | Depths:3 | Bought a book of Winter for 448 gold pieces
 54004 | Depths:3 | Bought a book of Annihilations for 840 gold pieces
 54264 | Depths:3 | Found a radiant altar of Vehumet.
 54848 | Depths:4 | Entered Level 4 of the Depths
 55201 | Depths:4 | Learned a level 9 spell: Shatter
 55590 | Depths:4 | Found a gate to the Realm of Zot.
 55619 | Depths:4 | Found a transporter.
 56053 | Depths:4 | Found a transporter.
 56320 | Depths:4 | Learned a level 3 spell: Ozocubu's Armour
 56653 | Vaults:5 | Entered Level 5 of the Vaults
 56706 | Vaults:5 | Noticed an ancient lich
 56719 | Vaults:5 | Reached skill level 15 in Spellcasting
 56721 | Vaults:5 | Killed an ancient lich
 57248 | Vaults:4 | Upgraded the game from 0.32-a0-814-g0968bab981 to
                  | 0.32-a0-818-gb728d0252e
 57441 | Vaults:5 | Identified the ring of Virtue {Fire +Blink Int+4 Dex-2}
 57533 | Vaults:5 | Identified the +1 helmet of the Watermelon {Will+}
 57657 | Vaults:5 | Reached XP level 26. HP: 121/233 MP: 10/43
 57756 | Vaults:5 | Identified the +7 battleaxe "Quasept" {freeze, rC+ rCorr}
 57906 | Vaults:5 | Identified the +7 flail "Zejugg Winua" {drain, *Noise rPois
                  | rN++}
 58285 | Vaults:5 | Identified the +0 pair of boots of Urefraralo {Will++
                  | rCorr}
 58721 | Vaults:5 | Identified the +3 quick blade "Utzeurre" {freeze, rC+
                  | Str+2}
 58869 | Vaults:5 | Reached XP level 27. HP: 246/246 MP: 44/44
 58911 | Vaults:5 | Got a silver rune of Zot
 59339 | Vaults:1 | Bought a scroll of amnesia for 48 gold pieces
 59538 | Zot:1    | Entered Level 1 of the Realm of Zot
 59652 | Zot:1    | Identified the ring "Heofefup" {rPois Str+4}
 61410 | Zot:1    | Identified the ring of the Riding Gods {rF++ rC+ Dex+3}
 61581 | Zot:1    | Identified the +8 rapier "Poul" {vamp, Will- Int+5}
 62203 | Zot:2    | Identified the +0 robe of Devuet {Rampage rC+ Archmagi}
 63495 | Zot:3    | Noticed Vv
 64248 | Zot:2    | Reached skill level 15 in Shapeshifting
 64509 | Zot:2    | Killed Vv
 67005 | Zot:3    | Found the +4 dragonskin cloak {Aegis}
 67005 | Zot:3    | Identified the ring "Rorghy" {Fly rC+ Int+7}
 67005 | Zot:3    | Noticed Tiamat
 67042 | Zot:3    | Killed Tiamat
 67298 | Zot:3    | Identified the +6 mace "Beastslayer" {elec, rF- rC++ rCorr
                  | Int+2}
 69297 | Zot:5    | Entered Level 5 of the Realm of Zot
 69500 | Zot:5    | Bought a scroll of blinking for 165 gold pieces
 69500 | Zot:5    | Bought a scroll of summoning for 209 gold pieces
 69639 | Zot:5    | Noticed an orb of fire
 69643 | Zot:5    | Noticed an orb of fire
 69645 | Zot:5    | Killed an orb of fire
 69645 | Zot:5    | Noticed an orb of fire
 69669 | Zot:5    | Noticed an orb of fire
 69670 | Zot:5    | Killed an orb of fire
 69679 | Zot:5    | Killed an orb of fire
 70104 | Zot:5    | Noticed an orb of fire
 70140 | Zot:5    | Noticed an orb of fire
 70181 | Zot:5    | Got the Orb of Zot
 70213 | Zot:5    | Noticed a seraph
 70405 | Depths:4 | Gained mutation: You are vulnerable to cold. (rC-) [a
                  | cacodemon]
 70409 | Depths:4 | Gained mutation: You are clumsy. (Dex -2) [a cacodemon]
 70444 | Depths:3 | Noticed Buitann the pandemonium lord
 70516 | D:15     | Noticed Urphy the pandemonium lord
 70643 | D:13     | Noticed Caolittol the pandemonium lord
 71066 | D:$      | Escaped with the Orb!

Illustrated notes

Levels and vault maps discovered:
D:1:      ncdulo_watergridlock, layout_basic, ebering_ecumenical_altar_webs
D:2:      layout_basic, minmay_misc_feat_ornament
D:3:      minmay_recursive_quarters, layout_basic, marbit_many_paths,
          overflow_temple_1_default, serial_bayou_ford_a,
          kennysheep_cross_bottleneck, grunt_ministairs_14, minivault_24
D:4:      layout_basic, mainiacjoe_overflow_cross_hatched,
          mainiacjoe_sewer_entry_somewhere_in_here_1, minmay_misc_feat_five,
          lightli_minifort, uniq_robin
D:5:      layout_basic, yredelemnul_forgotten_temple_becter,
          minmay_temple_entry_offerings, serial_park_tiny_pond
D:6:      minmay_chambers_of_sixes, layout_cave_pools
D:7:      lemuel_slime, layout_basic, hellmonk_overflow_destroyed_library,
          uniq_maurice
D:8:      layout_loops_ring, special_room [special_room_orc], enter_bailey_2,
          uniq_joseph
D:9:      layout_stronghold, mainiacjoe_overflow_paths,
          nicolae_ru_the_path_less_chosen, serial_column_ruins,
          column_ruins_hut, column_ruins_open_tiny, column_ruins_open_medium,
          column_ruins_grid_3, column_ruins_grid_1
D:10:     layout_big_octagon, lemuel_tele_altar, mainiacjoe_overflow_brackets,
          orc_0_dummy, serial_gnoll_camp, gnoll_camp_mini_hut,
          gnoll_camp_huts_basic, gnoll_camp_medium_02, gnoll_camp_mini_hut,
          gammafunk_ghost_smash, serial_shops, shop
D:11:     minmay_box_of_curves, layout_long_grid, david_lair_generic,
          serial_shops, nicolae_shop_window_shopping, dk_noncrumbling_2
D:12:     layout_stronghold
D:13:     layout_roguey, lightli_vaults_fourway_checkpoint,
          nicolae_figureground_sparkle
D:14:     layout_rooms, minmay_misc_feat_columns,
          chequers_serial_rivers_small_a, uniq_josephine, uniq_louise,
          uniq_agnes
D:15:     grunt_enter_depths_magical_seal, layout_basic,
          nicolae_ashenzari_skybound, minmay_hollow_rounded_squares
Temple:   nicolae_temple_slightly_damp_pantheon
Lair:1:   layout_hall_layers, grunt_megastairs_3
Lair:2:   layout_regular_city, hellmonk_spider_entry_not_the_bees,
          serial_bayou_shore_b, serial_bayou_shore_a
Lair:3:   layout_regular_city, minmay_shoals_entry_centaurs,
          cheibrodos_lair_caveside_slide, st_stairs_4
Lair:4:   gammafunk_mikee_crab_dinner, layout_gridlike, grunt_megastairs_4
Lair:5:   cheibrodos_lair_end_hotspot, layout_regular_city,
          nicolae_slime_entry_slimehenge
Shoals:1: layout_shoals, serial_shops, nicolae_shop_real_fake_doors,
          ebering_ghost_rock_garden
Shoals:2: nicolae_shoals_aurelia_aurita, layout_shoals, serial_shops,
          nicolae_shop_just_a_little_nook, shop, nicolae_shop_gaudy_bauble,
          shop, shop, nicolae_shoals_so_close
Shoals:3: layout_shoals, nicolae_shoals_siren_and_animal_friends
Shoals:4: shoals_end_grunt_ice, layout_shoals, ebering_ghost_gozag
Spider:1: layout_spider_delve, uniq_asterion, uniq_roxanne
Spider:2: layout_spider_delve, uniq_mlioglotl, uniq_arachne
Spider:3: layout_spider_delve, uniq_mara
Spider:4: guppyfry_spider_rune, drop_trap, spiders_nest_spider_trap
Slime:1:  layout_caves
Slime:2:  layout_caves
Slime:3:  layout_caves
Slime:4:  layout_caves, dissolution_awaits
Slime:5:  slime_pit_nicolae_inversion
Orc:1:    layout_diamond_mine, serial_shops, shop,
          nicolae_shop_competitors_out_of_business,
          nicolae_shop_pleasant_corner_grove, basic_altar,
          nicolae_specific_store, nicolae_orc_sculptors_studio,
          minmay_orc_temple_b, uniq_erica
Orc:2:    grunt_orc_community_town_hall, layout_caves,
          grunt_orc_community_big_house_1, grunt_orc_community_big_house_2,
          grunt_orc_community_house_2, grunt_orc_community_house_3,
          grunt_orc_community_house_2, grunt_orc_community_house_3, basic_altar
Elf:1:    layout_gridlike, minmay_elf_crystal_hexagon, nicolae_shop_gadgets,
          minmay_shoptagon, uniq_norris, uniq_jorgrun, uniq_donald
Elf:2:    nicolae_elf_blades_splatter_lattice [nicolae_blade_tridents],
          layout_loops_cross
Elf:3:    minmay_elf_hall_dome, layout_loops_corners
Vaults:1: hangedman_vaults_maws, nicolae_vaults_sesquioval_fish,
          nicolae_vaults_network_s, nicolae_vaults_alarming,
          ontoclasm_vaults_hangar, vaults_mumra_hex, vaults_room_pools,
          st_cross, layout_vaults_quadrants
Vaults:2: nicolae_vaults_tetromino_L_1, minmay_crypt_entry_necro_gods,
          nicolae_vaults_variable_pillar_hall, v_pattern_3,
          nicolae_vaults_network_barrier, vaults_mumra_minichess_inversion,
          vaults_dpeg_emergency_exit, ontoclasm_vaults_shuriken,
          nicolae_vaults_tetromino_L_2, vaults_mumra_hexcomb, layout_vaults_ring
Vaults:3: hangedman_vaults_stagger, nicolae_vaults_six-pack,
          nicolae_vaults_corridor_and_loot_room, vaults_room_octagon,
          nicolae_vaults_closet_pinwheel_2, nicolae_vaults_mitosis,
          vaults_room_door_hall, nicolae_vaults_tetromino_L_2,
          ontoclasm_vaults_chip, serial_ice_m, layout_vaults_omnibox,
          serial_shops, shop, uniq_xtahua
Vaults:4: nicolae_vaults_fighting_squares, nicolae_vaults_house_1,
          vaults_room_grid, nicolae_vaults_tetromino_L_2, v_alt_pattern_1,
          nicolae_vaults_wine_cellar, nicolae_vaults_doubleplus_tesselated,
          vaults_mumra_minichess, layout_vaults_maze, serial_shops, shop
Vaults:5
Depths:1: layout_cave_pools, hangedman_abyss_or_decor_slice, hell_entry,
          serial_shops, shop, nicolae_trove_entry_crossroad, grunt_gozag_statues
Depths:2: cell_vault, layout_basic, enter_ziggurat_b, grunt_hell_entry_dis_old,
          serial_library_hellmonk_hallway_a, rand_demon_pan_entry_5, abyss_entry
Depths:3: minmay_inner_zag, layout_gridlike, grunt_pan_entry_sceptre,
          nicolae_abyss_entry_one_way_or_another, vehumet_crystals, hell_entry,
          infiniplex_staircase_diamond, minmay_shop_grove
Depths:4: grunt_zot_entry_pinwheel, layout_cave_pools,
          hangedman_tar_grid_catacomb, rand_demon_pan_entry_8,
          nicolae_diode_stairs
Zot:1:    layout_concentric_octagons, hangedman_zot_wheel_spokes,
          st_large_dragon_hoard_4
Zot:2:    lemuel_acid_trip, layout_onion_interference, st_stairs_5,
          grunt_ministairs_8, st_small_dragon_hoard_2
Zot:3:    layout_gridville, st_stairs_2, hangedman_zot_decor_tridents,
          grunt_ministairs_2, st_grand_hoard_of_tiamat, uniq_vv
Zot:4:    nicolae_moth_party, layout_cathedral_of_symmetry,
          hangedman_zot_decor_scrapings, grunt_megastairs_5
Zot:5:    layout_misc_corridors

Skill      XL: |  1  2  3  4  5  6  7  8  9 10 11 12 13 14 15 16 17 18 19 20 21 22 23 24 25 26 27 |
---------------+----------------------------------------------------------------------------------+-----
Fighting       | 2 3 4 5 10 14 19 20 | 20.2
Maces & Flails | 1 3 |  3.0
Dodging        | 3 4 5 |  5.0
Evocations     | 5 7 10 13 16 19 20 | 20.0
Staves         | 3 8 12 13 | 13.8
Shields        | 7 |  7.0
Spellcasting   | 4 10 11 16 17 19 | 19.2
Earth Magic    | 11 18 23 26 27 | 27.0
Ice Magic      | 5 11 15 | 15.0
Shapeshifting  | 10 20 | 20.9
Conjurations   | 7 9 |  9.3
Stealth        | |  0.8

Action                     |  1- 3 |  4- 6 |  7- 9 | 10-12 | 13-15 | 16-18 | 19-21 | 22-24 | 25-27 || total
---------------------------+-------+-------+-------+-------+-------+-------+-------+-------+-------++-------
  Melee: Whip              |    99 |       |       |       |       |       |       |       |       ||    99
         Club              |     4 |       |       |       |       |       |       |       |       ||     4
         Tailslap          |    22 |    27 |    37 |    85 |   134 |    51 |   308 |   111 |   177 ||   952
         Mace              |    59 |    27 |       |       |       |       |       |       |       ||    86
         Flail             |       |   201 |   258 |       |       |       |       |       |       ||   459
         Eveningstar       |       |       |    23 |   442 |    13 |     7 |       |       |       ||   485
         Staff             |       |       |       |   127 |   774 |   305 |  1407 |   583 |   688 ||  3884
         Maw               |       |       |       |       |       |       |       |     2 |   269 ||   271
  Throw: Dart              |       |       |       |     5 |       |       |       |       |       ||     5
         Throwing net      |       |       |       |     3 |     6 |       |       |       |       ||     9
   Cast: Lee's Rapid Decon |       |       |       |       |       |       |    48 |    99 |    67 ||   214
         Permafrost Erupti |       |       |       |       |       |       |    42 |   196 |   189 ||   427
         Blink             |       |       |       |       |       |       |       |     8 |     4 ||    12
         Leda's Liquefacti |       |       |       |       |       |       |       |     5 |       ||     5
         Petrify           |       |       |       |       |       |       |       |     3 |     6 ||     9
         Passwall          |       |       |       |       |       |       |       |     3 |     8 ||    11
         Bombard           |       |       |       |       |       |       |       |     3 |    11 ||    14
         Shatter           |       |       |       |       |       |       |       |       |    20 ||    20
         Lehudib's Crystal |       |       |       |       |       |       |       |       |   242 ||   242
         Ozocubu's Armour  |       |       |       |       |       |       |       |       |     1 ||     1
         Brom's Barrelling |       |       |       |       |       |       |       |       |     1 ||     1
 Invoke: Call Merchant     |       |       |     1 |       |       |       |     7 |       |     3 ||    11
         Potion Petition   |       |       |       |       |     2 |     1 |     1 |     1 |       ||     5
         Bribe Branch      |       |       |       |       |       |       |       |       |     2 ||     2
Ability: Mud Breath        |       |       |     1 |     7 |     1 |       |     2 |       |       ||    11
         Evoke the Staff o |       |       |       |     8 |    65 |    19 |    49 |     4 |       ||   145
  Evoke: Wand              |     3 |     2 |    25 |    34 |     1 |    20 |    15 |    13 |     6 ||   119
         Tin of tremorston |       |       |       |     2 |     3 |     2 |     8 |     3 |     7 ||    25
         Phial of floods   |       |       |       |       |       |     1 |     4 |       |       ||     5
         Sack of spiders   |       |       |       |       |       |     1 |     2 |     1 |       ||     4
         Lightning rod     |       |       |       |       |       |       |    14 |     8 |     1 ||    23
         Phantom mirror    |       |       |       |       |       |       |     1 |     1 |     1 ||     3
    Use: Scroll            |     4 |    17 |     2 |    10 |     7 |     5 |     3 |     6 |    10 ||    64
         Potion            |       |       |     3 |     2 |     8 |     3 |     5 |    16 |    35 ||    72
   Stab: Sleeping          |       |     1 |     1 |       |     2 |     1 |     1 |       |       ||     6
         Distracted        |       |     2 |       |    13 |     4 |     5 |    12 |     3 |     7 ||    46
         Invisible         |       |       |     4 |     1 |       |       |       |     1 |       ||     6
         Held in net/web   |       |       |       |     3 |     3 |       |     1 |       |       ||     7
         Petrified         |       |       |       |       |     2 |       |       |       |     6 ||     8
         Confused          |       |       |       |       |       |       |     1 |       |       ||     1
         Petrifying        |       |       |       |       |       |       |       |     1 |     2 ||     3
 Armour: Skin              |    95 |   152 |   282 |   427 |   599 |   290 |  1166 |   718 |  1153 ||  4882
  Dodge: Dodged            |    95 |   173 |   243 |   334 |   319 |   175 |   597 |   269 |   408 ||  2613
  Block: Buckler           |       |       |       |       |   105 |    70 |   262 |   121 |   180 ||   738
   Form: Maw               |       |       |       |       |       |       |       |     2 |       ||     2
                           |       |       |       |       |       |       |       |     1 |       ||     1

Table legend: (Time is in decaauts)
 A = Elapsed time spent in this place.
 B = Non-inter-level travel time spent in this place.
 C = Inter-level travel time spent in this place.
 D = Time resting spent in this place.
 E = Time spent auto-exploring this place.
 F = Levels seen in this place.
 G = Mean time per level.
                   A        B        C        D        E       F      G
               +--------+--------+--------+--------+--------+-----+--------+
         Total |  70285 |  65121 |   5164 |  14025 |  32479 |  55 | 1277.9 |
       Dungeon |  18802 |  16713 |   2089 |   2073 |   9469 |  15 | 1253.5 |
        Temple |      1 |      1 |      0 |      0 |      0 |   1 |    1.0 |
          Lair |   5788 |   5070 |    718 |    171 |   3728 |   5 | 1157.6 |
        Shoals |   4426 |   4092 |    334 |    319 |   2440 |   4 | 1106.5 |
   Spider Nest |   4245 |   3932 |    313 |    563 |   2005 |   4 | 1061.2 |
    Slime Pits |   3669 |   3553 |    116 |   1792 |    306 |   5 |  733.8 |
  Orcish Mines |   2155 |   1915 |    240 |    158 |   1243 |   2 | 1077.5 |
   Elven Halls |   3661 |   3517 |    144 |    801 |   1634 |   3 | 1220.3 |
        Vaults |   9456 |   8874 |    582 |   2084 |   4505 |   5 | 1891.2 |
        Depths |   6919 |   6590 |    329 |   1894 |   3105 |   4 | 1729.8 |
           Zot |  10272 |   9977 |    295 |   4167 |   3509 |   5 | 2054.4 |
         Trove |    130 |    130 |      0 |      0 |     14 |   1 |  130.0 |
         Sewer |    754 |    754 |      0 |      0 |    521 |   1 |  754.0 |
               +--------+--------+--------+--------+--------+-----+--------+

Top non-repeatable levels by time:
   Zot:2: 3414 daAuts
    D:11: 2827 daAuts
Depths:2: 2404 daAuts
   Zot:3: 2323 daAuts
Vaults:4: 2197 daAuts
Vaults:1: 2136 daAuts
   Zot:4: 2033 daAuts
   Zot:1: 2031 daAuts
Depths:4: 2022 daAuts
    D:15: 2013 daAuts
Vaults:5: 1880 daAuts
Shoals:4: 1833 daAuts
Vaults:3: 1742 daAuts
Depths:3: 1518 daAuts
Vaults:2: 1499 daAuts
